cohdb
Replays
Latest Replays
All Replays
Popular Replays
Top Player Replays
Match Explorer
How It Works
Community
CoH3 Stats
Reddit
Sign in to upload your games and track your stats! →
Sign in with Steam
Match 43857470
Unlisted
Match 43857470
Overview
Messages
Build Orders
End
Kradschützen Motorcycle Team
Panzergrenadier Squad
Selects Panzerjäger Kommand Battlegroup
Selects Panzerjäger Kommand Battlegroup
Selects Mine Fields
Panzergrenadier Squad
250 Light Carrier
Construct Light Support Kompanie
Combat Half-tracks
MG34 Team
Construct Mechanized Kompanie
254 Reconnaissance Tractor
Selects Defensive Positions
254 Reconnaissance Tractor
Marder III Tank Destroyer
2.5-tonne Medical Truck
2.5-tonne Medical Truck
Forward Retreat Point
Selects Butterfly Bomb Drop
Butterfly Bomb Drop
Construct Panzerarmee Kommand
Armored Reserves
Dog
Halokoo
Loki
São Leopoldo
alexjgh
Sir Lance a lot
=BiA=Templaar
daveh2k
0
0
Comments
sign in to comment!
No comments posted yet!